 Dungeon Crawl Stone Soup version 0.21.1-1-g345015fe64 (webtiles) character file.

1843 LevaFresel the Chopper (level 9, -16/69 HPs)
             Began as a Human Fighter on June 29, 2018.
             Was a Follower of Makhleb.
             Demolished by a white ugly thing (32 damage)
             ... on level 6 of the Dungeon.
             The game lasted 00:23:28 (6634 turns).

LevaFresel the Chopper (Human Fighter)              Turns: 6634, Time: 00:23:28

Health: -16/69     AC: 16    Str: 19    XL:     9   Next: 33%
Magic:  9/9        EV: 13    Int:  9    God:    Makhleb [*.....]
Gold:   451        SH: 11    Dex: 18    Spells: 8/8 levels left

rFire    + . .     SeeInvis .   a - +0 war axe
rCold    . . .     Gourm    .   c - +0 shield
rNeg     . . .     Faith    .   I - +6 ring mail of Responsibility {+Inv rF+}
rPois    +         Spirit   .   j - +0 helmet
rElec    .         Reflect  .   (no cloak)
rCorr    .         Harm     .   D - +2 pair of gloves
MR       +....                  (no boots)
Stlth    ++........             o - amulet of rage
HPRegen  0.21/turn              p - ring of protection from magic
MPRegen  0.11/turn              h - ring of poison resistance

@: agile
A: no striking features
a: Renounce Religion, Evoke Berserk Rage, Evoke Invisibility


You were on level 6 of the Dungeon.
You worshipped Makhleb.
Makhleb was aware of your devotion.
You were not hungry.

You visited 2 branches of the dungeon, and saw 8 of its levels.
You also visited: Sewer.

You collected 451 gold pieces.

Inventory:

Hand Weapons
 a - a +0 war axe (weapon)
 E - a +2 rapier of holy wrath
 F - a +6 falchion of pain
Armour
 c - a +0 shield (worn)
 j - a +0 helmet (worn)
 D - a +2 pair of gloves (worn)
 I - the +6 ring mail of Responsibility (worn) {+Inv rF+}
   (You found it on level 6 of the Dungeon)

   It protects you from fire.
   It lets you turn invisible.
Jewellery
 g - an uncursed ring of positive energy
 h - a ring of poison resistance (right hand)
 o - an amulet of rage (around neck)
 p - a ring of protection from magic (left hand)
Wands
 r - a wand of polymorph (2)
 u - a wand of acid (11)
Scrolls
 b - a scroll of amnesia {unknown}
 e - 9 scrolls of teleportation
 i - a scroll of identify
 k - 4 scrolls of remove curse
 m - a scroll of immolation {unknown}
 q - a scroll of enchant armour {unknown}
 s - a scroll of magic mapping {unknown}
 t - 2 scrolls of random uselessness {unknown}
 v - 3 scrolls of blinking
 x - 2 scrolls of enchant weapon {unknown}
 z - 3 scrolls of fog
 A - 2 scrolls of fear {unknown}
Potions
 d - 6 potions of might
 l - 3 potions of agility
 n - a potion of curing {unknown}
 w - a potion of lignification
 B - a potion of brilliance {unknown}
 C - a potion of degeneration {unknown}
 G - a potion of mutation {unknown}
Books
 H - a book of Air

   Spells                             Type                      Level
   a - Shock                          Conjuration/Air              1
   b - Swiftness                      Charms/Air                   2
   c - Static Discharge               Conjuration/Air              3
   d - Airstrike                      Air                          4
   e - Lightning Bolt                 Conjuration/Air              5
Comestibles
 f - 8 rations


   Skills:
 + Level 5.9 Fighting
 * Level 7.5 Axes
 + Level 5.8 Armour
 + Level 5.9 Shields
 + Level 1.1 Invocations
 + Level 0.9 Evocations


You had 8 spell levels left.
You didn't know any spells.

Dungeon Overview and Level Annotations

Branches:
Dungeon (7/15)             Temple (1/1) D:4

Altars:
Ashenzari
Cheibriados
Dithmenos
Elyvilon
Fedhas
Gozag
Hepliaklqana
Kikubaaqudgha
Makhleb
Nemelex Xobeh
Okawaru
Qazlal
Ru
Sif Muna
Trog
Uskayaw
Vehumet
Wu Jian
Xom
Yredelemnul
Zin
The Shining One


Message History

There is a stone staircase leading down here.
You see here 3 scrolls of noise.
You barely miss the white ugly thing.
The white ugly thing is moderately wounded.
The white ugly thing claws you but does no damage.
You closely miss the white ugly thing.
The white ugly thing is moderately wounded.
The white ugly thing claws you but does no damage.
You hit the white ugly thing.
The white ugly thing is moderately wounded.
The white ugly thing barely misses you.
You slash the white ugly thing!
The white ugly thing is heavily wounded.
The white ugly thing claws you. The white ugly thing freezes you!!
* * * LOW HITPOINT WARNING * * *
You feel agile all of a sudden. The white ugly thing claws you.
* * * LOW HITPOINT WARNING * * *
The white ugly thing freezes you!!
You die...

#.###.# ##'## #...# #...#.#
#.#### #.###
#>#.#.########....## #.#
#.....#............######.#
##.....#.#####.............#
#........#..........########
#............#.....##
#........#...#..#.##
###...##.##.##@##.#
#...##.##..u....#
######.......#### #########


You could see a white ugly thing.

Vanquished Creatures
  Eustachio (D:4)
  Menkaure (D:5)
  Edmund (D:6)
  A sky beast (D:6)
  A phantom (D:2)
  4 centaurs
  A big kobold (D:2)
  2 bullfrogs (D:6)
  2 crimson imps
  2 orc wizards (D:3)
  2 hounds (D:6)
  2 orc priests (D:6)
  Ijyb (D:3)
  3 iguanas
  3 worker ants
  2 hound skeletons
  10 adders
  8 gnolls
  An ooze (D:3)
  An adder skeleton (D:5)
  3 worms
  3 dart slugs
  5 leopard geckos
  19 orcs
  3 giant cockroaches
  12 goblins
  9 hobgoblins
  13 jackals
  A quokka (D:5)
  4 ball pythons
  3 bats
  9 frilled lizards
  2 jackal skeletons
  15 kobolds
  A quokka skeleton (D:5)
  A quokka zombie (D:6)
  9 rats
  3 plants (Sewer)
164 creatures vanquished.

Notes
Turn   | Place    | Note
-------+----------+-------------------------------------------
     0 | D:1      | LevaFresel the Human Fighter began the quest for the Orb.
     0 | D:1      | Reached XP level 1. HP: 18/18 MP: 1/1
    45 | D:1      | Reached XP level 2. HP: 23/24 MP: 2/2
   586 | D:1      | Reached XP level 3. HP: 25/29 MP: 3/3
  1060 | D:2      | Reached skill level 3 in Axes
  1060 | D:2      | Reached XP level 4. HP: 29/35 MP: 4/4
  1235 | D:2      | Noticed a big kobold
  1252 | D:2      | Killed a big kobold
  1252 | D:2      | Reached XP level 5. HP: 19/42 MP: 5/5
  1607 | D:2      | Noticed a phantom
  1630 | D:3      | Noticed Ijyb
  1699 | D:3      | Killed Ijyb
  1699 | D:3      | Reached skill level 4 in Axes
  1699 | D:3      | Reached XP level 6. HP: 37/48 MP: 6/6
  2483 | D:3      | Reached XP level 7. HP: 49/54 MP: 7/7
  2942 | D:4      | Found a glowing drain.
  2956 | Sewer    | Entered a sewer
  3636 | D:4      | Noticed Eustachio
  3646 | D:4      | Killed Eustachio
  3646 | D:4      | Reached skill level 5 in Axes
  3814 | D:4      | Found a staircase to the Ecumenical Temple.
  3821 | Temple   | Entered the Ecumenical Temple
  3869 | Temple   | Became a worshipper of Makhleb the Destroyer
  4011 | D:4      | Reached XP level 8. HP: 52/61 MP: 8/8
  4403 | D:5      | Entered Level 5 of the Dungeon
  4456 | D:5      | Found a basalt altar of Yredelemnul.
  4823 | D:5      | Reached skill level 5 in Shields
  4828 | D:5      | Reached skill level 6 in Axes
  4841 | D:5      | Reached * piety under Makhleb
  4855 | D:5      | Reached skill level 5 in Fighting
  4855 | D:5      | Reached skill level 5 in Armour
  5290 | D:5      | Noticed Menkaure
  5298 | D:5      | Killed Menkaure
  5744 | D:6      | Found an ancient bone altar of Kikubaaqudgha.
  5846 | D:6      | Reached XP level 9. HP: 59/68 MP: 9/9
  6025 | D:6      | Reached skill level 7 in Axes
  6099 | D:6      | Got an encrusted ring mail
  6100 | D:6      | Identified the +6 ring mail of Responsibility {+Inv rF+} (You found it on level 6 of the Dungeon)
  6120 | D:6      | Noticed Edmund
  6136 | D:6      | Killed Edmund
  6295 | D:6      | Found a shimmering altar of Xom.
  6360 | D:6      | Reached skill level 1 in Invocations
  6619 | D:7      | Noticed a white ugly thing
  6634 | D:6      | Demolished by a white ugly thing

Skill      XL: |  1  2  3  4  5  6  7  8  9 |
---------------+----------------------------+-----
Axes           | 3 4 5 6 7 |  7.5
Fighting       | 4 5 |  5.9
Shields        | 4 5 |  5.9
Armour         | 4 5 |  5.8
Invocations    | 1 |  1.1
Evocations     | |  0.9

Action                   |  1- 3 |  4- 6 |  7- 9 || total
-------------------------+-------+-------+-------++-------
Melee: War axe           |    73 |   197 |   454 ||   724
       Unarmed           |       |    16 |       ||    16
  Use: Scroll            |     1 |     1 |     7 ||     9
       Potion            |       |       |     3 ||     3
  Eat: Chunk             |       |     2 |     8 ||    10
       Ration            |       |     1 |     2 ||     3
Armor: Scale mail        |    39 |    19 |       ||    58
       Chain mail        |       |   101 |   173 ||   274
       Skin              |       |     2 |       ||     2
       Ring mail         |       |       |    39 ||    39
Dodge: Dodged            |    18 |    53 |    83 ||   154
Block: Shield            |    32 |   106 |   177 ||   315
